 Dungeon Crawl Stone Soup version 0.30.1-3-gfc49f6343a (webtiles) character file.

Game seed: 11331397427858235316

189 booth the Firebug (level 5, 0/35 HPs)
             Began as a Demonspawn Fire Elementalist on July 23, 2023.
             Slain by Robin
             ... wielding a +4 spear of distortion
              (20 damage)
             ... on level 2 of the Dungeon.
             The game lasted 00:09:09 (1263 turns).

booth the Firebug (Demonspawn Fire Elementalist)    Turns: 1263, Time: 00:09:10

Health: 0/35       AC:  3    Str: 11    XL:     5   Next: 40%
Magic:  4/9        EV: 12    Int: 16    God:
Gold:   55         SH:  0    Dex: 13    Spells: 6/9 levels left

rFire   . . .        g - +0 short sword
rCold   . . .        (no shield)
rNeg    . . .        a - +1 robe
rPois   .            (no helmet)
rElec   .            (no cloak)
rCorr   .            (no gloves)
SInv    .            (no boots)
Will    .....        (no amulet)
Stlth   ++           (no ring)
HPRegen 1.25/turn    (no ring)
MPRegen 0.11/turn

%: no passive effects
@: very slightly contaminated
A: powered by death 2
a: no special abilities


You were on level 2 of the Dungeon.
You visited 1 branch of the dungeon, and saw 2 of its levels.

You collected 55 gold pieces.

Inventory:

Hand Weapons
 d - a +0 mace
 g - a +0 short sword (weapon)
Armour
 a - a +1 robe (worn)
 h - an orb of guile
Scrolls
 e - a scroll of teleportation {unknown}
Potions
 c - 3 potions of heal wounds
 f - a potion of brilliance {unknown}


   Skills:
 + Level 2.7 Dodging
 + Level 2.9 Stealth
 + Level 2.9 Spellcasting
 + Level 2.4 Conjurations
 + Level 3.4 Fire Magic


You had 6 spell levels left.
You knew the following spells:

 Your Spells              Type           Power      Damage    Failure   Level
a - Foxfire               Conj/Fire      44%        2x1d6     5%          1
b - Scorch                Fire           26%        2d6       7%          2

Your spell library contained the following spells:

 Spells                   Type           Power      Damage    Failure   Level
 Inner Flame              Hex/Fire       7%         N/A       28%         3
 Volatile Blastmotes      Fire/Tloc      14%        2d11      28%         3
 Flame Wave               Conj/Fire      11%        2d6       50%         4


Dungeon Overview and Level Annotations

Branches:
Dungeon (2/15)

Altars:

Annotations:
D:2 Robin


Innate Abilities, Weirdness & Mutations

You regenerate health from kills.


Message History

The foxfire hits Robin.
Robin is moderately wounded.
The foxfire hits Robin.
Robin is heavily wounded.
Casting: Foxfire (safe; 5% risk of failure)
Confirm with . or Enter, or press ? or * to list all spells.
You don't have enough magic to cast this spell.
Casting: Foxfire (safe; 5% risk of failure)
Confirm with . or Enter, or press ? or * to list all spells.
You conjure some foxfire!
Casting: Foxfire (safe; 5% risk of failure)
Confirm with . or Enter, or press ? or * to list all spells.
You don't have enough magic to cast this spell.
Magic courses through your body.
The foxfire hits Robin.
Robin is severely wounded.
The foxfire hits Robin.
Robin is almost dead.
Robin drinks a potion.
Robin is healed!
Casting: Foxfire (safe; 5% risk of failure)
Confirm with . or Enter, or press ? or * to list all spells.
You miscast Scorch.
You are very lightly contaminated with residual magic.
Nothing appears to happen.
Robin hits you from afar with a +4 spear of distortion.
Space warps around you.
Casting: Scorch (safe; 7% risk of failure)
Confirm with . or Enter, or press ? or * to list all spells.
Flames lash Robin.
Robin is severely wounded.
Robin's fire resistance burns away.
Robin hits you from afar with a +4 spear of distortion.
Space warps around you. The hobgoblin hits you.
Casting: Scorch (safe; 7% risk of failure)
Confirm with . or Enter, or press ? or * to list all spells.
You conjure some foxfire!
The hobgoblin no longer looks unusually strong.
Robin hits you from afar with a +4 spear of distortion.
Space warps horribly around you!!
Ouch! That really hurt!
You die...

....... .?.....
.......########
.......#.....#
.....#.....####### ##
#...#.....##....# .#.
#...#.v...##....# ##.
#.....v@..##....# .
#...#..g..##....# #.
#...#...g.......#
#.#####...#........[..#
#....##...#...........#
#....##...###.........#
#....'....# ###.g######
##...#)#### ##.###
#####...#.# #...####


You could see Robin (combustible), a hobgoblin (ally target) and a goblin.

Vanquished Creatures
  Sigmund (D:2)
  A dart slug (D:1)
  3 bats
  2 endoplasms (D:1)
  A giant cockroach (D:2)
  5 goblins
  2 hobgoblins (D:2)
  4 jackals (D:2)
  2 ball pythons
  A frilled lizard (D:1)
  2 kobolds (D:1)
  A rat (D:1)
25 creatures vanquished.

Vanquished Creatures (others)
  52 foxfires
52 creatures vanquished.

Grand Total: 77 creatures vanquished

Notes
Turn   | Place    | Note
-------+----------+-------------------------------------------
     0 | D:1      | booth the Demonspawn Fire Elementalist began the quest for
                  | the Orb.
     0 | D:1      | Reached XP level 1. HP: 13/13 MP: 3/3
   355 | D:1      | Gained mutation: You regenerate a little health from kills.
                  | [demonic ancestry]
   355 | D:1      | Reached XP level 2. HP: 19/19 MP: 1/5
   358 | D:1      | Learned a level 2 spell: Scorch
  1052 | D:2      | Noticed Sigmund
  1097 | D:2      | Killed Sigmund
  1098 | D:2      | Reached skill level 3 in Fire Magic
  1098 | D:2      | Reached XP level 3. HP: 20/24 MP: 0/7
  1098 | D:2      | Reached XP level 4. HP: 25/30 MP: 0/8
  1098 | D:2      | Gained mutation: You regenerate health from kills. [demonic
                  | ancestry]
  1098 | D:2      | Reached XP level 5. HP: 29/35 MP: 0/9
  1231 | D:2      | Noticed Robin
  1263 | D:2      | Slain by Robin

Illustrated notes

Levels and vault maps discovered:
D:1:      lemuel_arrival_muddy, layout_basic, dreamdust_mushroom_princess
D:2:      layout_basic, basic_ecumenical_altar, uniq_sigmund, uniq_robin

Skill      XL: |  1  2 |
---------------+-------+-----
Stealth        | 2 |  2.9
Dodging        | 2 |  2.7
Conjurations   | 2 |  2.4
Fire Magic     | 3 |  3.4
Spellcasting   | |  2.9

Action                     |  1- 3 |  4- 6 || total
---------------------------+-------+-------++-------
  Melee: Unarmed           |     8 |       ||     8
         Short sword       |     1 |     2 ||     3
   Cast: Foxfire           |    24 |     8 ||    32
         Scorch            |     2 |     3 ||     5
    Use: Potion            |     2 |     1 ||     3
         Scroll            |     2 |       ||     2
 Armour: Robe              |     9 |       ||     9
         Skin              |    13 |       ||    13
  Dodge: Dodged            |    16 |     2 ||    18
